AoeStats
← Pottler

Oasis

508064987Analyzed
4v4 RM · 11d ago on Sep 20, 2026· 126m 11s· 8 players
Game mode
Random Map
Map size
Large (8 player)
Population
200
Speed
Normal
Resources
Standard
Victory
Conquest
Starting age
Dark Age
Ending age
Imperial Age
RankedLock teamsTeams togetherTeam positionsShared explorationLock speedFull tech treeHidden civsTurbo modeCheats
Victory
Defeat
🇩🇪 Spanish · Germany
1072
+11
🇩🇪 Britons · Germany
999
+13
🇨🇴 Hindustanis · Colombia
946
+16
🇩🇪 Mongols · Germany
855
+19
🇬🇧 Bulgarians · United Kingdom
980
-16
🇹🇷 Wei · Türkiye
970
-16
🇹🇷 Huns · Türkiye
964
-16
🇹🇷 Khmer · Türkiye
849
-11
zirdan10
12:33 Feudal Age
16:46 Castle Age
15:28 Double-Bit Axe
16:29 Horse Collar
26:21 Bow Saw
28:15 Wheelbarrow
27:53 Loom
28:32 Heavy Plow
28:01 Pikeman
28:42 Squires
29:31 Padded Archer Armor
29:22 Fletching
32:59 Leather Archer Armor
33:04 Gold Mining
33:04 Stone Mining
37:14 Imperial Age
35:36 Gold Shaft Mining
35:16 Nomads
35:41 Bodkin Arrow
36:22 Hand Cart
36:07 Town Watch
36:29 Caravan
36:54 Husbandry
37:06 Bloodlines
38:22 Conscription
39:31 Chemistry
39:26 Parthian Tactics
39:10 Bracer
40:34 Elite Mangudai
42:25 Thumb Ring
41:43 Light Cavalry
43:08 Hoardings
42:08 Onager
43:44 Hoardings
44:00 Siege Onager
45:31 Hussar
54:30 Ballistics
56:59 Heavy Camel Rider
60:14 Scale Barding Armor
60:09 Scale Mail Armor
60:20 Forging
66:28 Chain Mail Armor
66:48 Iron Casting
81:24 Capped Ram
86:01 Blast Furnace
85:23 Chain Barding Armor
91:24 Heavy Scorpion
95:23 Siege Ram
117:16 Elite Steppe Lancer
Axes and Bows
10:43 Feudal Age
10:13 Loom
11:31 Double-Bit Axe
12:37 Gold Mining
14:34 Fletching
14:45 Padded Archer Armor
16:48 Wheelbarrow
21:35 Town Watch
27:19 Castle Age
27:05 Forging
26:55 Scale Mail Armor
28:13 Crossbowman
28:49 Bodkin Arrow
29:09 Leather Archer Armor
30:45 Bow Saw
30:41 Pikeman
31:48 Stone Mining
33:40 Squires
39:16 Ballistics
38:37 Treadmill Crane
43:13 Horse Collar
45:16 Gold Shaft Mining
44:51 Heavy Plow
47:05 Light Cavalry
47:48 Husbandry
60:06 Imperial Age
68:21 Hand Cart
69:23 Caravan
70:21 Arbalester
72:14 Two-Man Saw
71:19 Town Patrol
75:06 Chemistry
77:00 Siege Engineers
78:15 Bracer
78:30 Leather Archer Armor
78:21 Scale Barding Armor
80:08 Halberdier
81:07 Chain Mail Armor
81:27 Iron Casting
83:52 Heavy Scorpion
85:09 Gambesons
85:57 Ring Archer Armor
86:02 Iron Casting
89:19 Blast Furnace
88:49 Plate Mail Armor
88:42 Chain Barding Armor
89:55 Conscription
90:06 Yeomen
91:37 Elite Skirmisher
93:07 Hoardings
93:20 Capped Ram
94:26 Man-at-Arms
98:20 Long Swordsman
100:45 Elite Longbowman
101:26 Warwolf
101:07 Two-Handed Swordsman
104:01 Plate Barding Armor
105:33 Champion
122:15 Guilds
122:35 Coinage
125:17 Banking
Pottler
5:18 Loom
12:15 Feudal Age
17:58 Castle Age
22:36 Double-Bit Axe
24:33 Wheelbarrow
30:20 Pikeman
33:56 Squires
42:13 Imperial Age
42:31 Horse Collar
43:06 Bow Saw
45:02 Scale Barding Armor
44:58 Scale Mail Armor
45:09 Forging
47:17 Halberdier
51:19 Two-Man Saw
55:30 Halberdier
56:52 Man-at-Arms
62:57 Long Swordsman
67:12 Two-Handed Swordsman
69:15 Caravan
74:16 Heavy Plow
75:40 Hand Cart
78:21 Gold Mining
81:23 Champion
83:54 Conscription
83:13 Elite Conquistador
85:25 Bloodlines
84:35 Light Cavalry
87:02 Hussar
90:52 Gambesons
90:53 Arson
91:00 Capped Ram
93:14 Two-Man Saw
100:48 Cavalier
101:28 Husbandry
103:24 Paladin
luismjchan
10:35 Feudal Age
11:27 Double-Bit Axe
16:04 Loom
16:17 Horse Collar
20:15 Castle Age
19:21 Forging
27:16 Wheelbarrow
28:05 Scale Barding Armor
28:36 Iron Casting
28:01 Gold Mining
28:06 Stone Mining
29:59 Town Watch
31:12 Heavy Plow
34:30 Imperial Age
33:24 Caravan
33:57 Bow Saw
34:52 Bloodlines
34:04 Light Cavalry
34:47 Husbandry
35:40 Chain Barding Armor
36:22 Blast Furnace
35:02 Heavy Camel Rider
37:18 Conscription
37:59 Plate Barding Armor
38:40 Fletching
38:54 Scale Mail Armor
39:12 Imperial Camel Rider
43:17 Hand Cart
43:36 Hussar
51:42 Fletching
61:23 Chemistry
62:28 Masonry
62:39 Ballistics
63:53 Siege Engineers
102:57 Elite Ghulam
103:38 Grand Trunk Road
HighTowerM8
0:28 Loom
11:28 Feudal Age
12:20 Double-Bit Axe
16:38 Horse Collar
20:38 Castle Age
20:37 Wheelbarrow
22:09 Heavy Plow
23:32 Bow Saw
26:47 Hand Cart
26:41 Gold Mining
27:34 Stone Mining
34:30 Imperial Age
32:17 Masonry
32:04 Murder Holes
32:21 Forging
32:12 Scale Mail Armor
32:17 Scale Barding Armor
32:04 Fletching
32:34 Caravan
33:51 Iron Casting
33:32 Chain Mail Armor
33:43 Ballistics
33:19 Gambesons
33:34 Squires
33:21 Arson
33:47 Bloodlines
33:38 Husbandry
34:47 Stirrups
35:41 Conscription
36:05 Chain Barding Armor
36:56 Elite Konnik
40:11 Bagains
41:36 Blast Furnace
41:18 Plate Mail Armor
42:03 Siege Engineers
42:29 Architecture
47:00 Chemistry
48:39 Town Watch
49:51 Plate Barding Armor
64:20 Bodkin Arrow
69:34 Thumb Ring
68:53 Elite Skirmisher
70:25 Bracer
70:25 Padded Archer Armor
69:50 Light Cavalry
71:33 Hussar
88:07 Leather Archer Armor
Kötükediserooo
13:46 Feudal Age
14:13 Double-Bit Axe
14:13 Horse Collar
14:34 Stone Mining
14:35 Gold Mining
17:20 Bloodlines
17:40 Scale Barding Armor
17:48 Forging
23:25 Castle Age
23:04 Fletching
23:14 Padded Archer Armor
24:44 Husbandry
25:06 Heavy Plow
27:07 Bodkin Arrow
28:14 Iron Casting
30:32 Chain Barding Armor
31:17 Elite Skirmisher
32:59 Wheelbarrow
33:05 Leather Archer Armor
40:05 Imperial Age
40:07 Elite Tarkan
41:08 Conscription
41:51 Plate Barding Armor
42:17 Blast Furnace
45:10 Caravan
45:44 Coinage
66:38 Squires
66:23 Arson
65:59 Pikeman
71:24 Halberdier
91:57 Scale Mail Armor
91:58 Bracer
Lucien
10:02 Feudal Age
12:22 Double-Bit Axe
20:10 Castle Age
21:22 Gold Mining
24:09 Bow Saw
25:13 Scale Barding Armor
24:59 Horse Collar
26:35 Chain Barding Armor
26:27 Forging
28:40 Wheelbarrow
28:44 Husbandry
28:55 Bloodlines
31:32 Iron Casting
32:15 Hand Cart
37:54 Imperial Age
36:12 Gold Shaft Mining
35:27 Stone Mining
37:59 Heavy Scorpion
39:03 Ballistics
39:44 Chemistry
39:28 Conscription
39:09 Double Crossbow
39:16 Tusk Swords
39:57 Plate Barding Armor
39:32 Caravan
41:15 Elite Battle Elephant
59:50 Stone Shaft Mining
72:24 Pikeman
73:34 Halberdier
75:00 Elite Skirmisher
83:04 Fletching
83:14 Padded Archer Armor
84:15 Blast Furnace
83:18 Scale Mail Armor
84:24 Bodkin Arrow
84:45 Leather Archer Armor
85:50 Bracer
86:06 Chain Mail Armor
88:27 Ring Archer Armor
doktoryigitck
2:18 Loom
13:45 Feudal Age
14:49 Double-Bit Axe
14:57 Gold Mining
15:55 Stone Mining
18:46 Town Watch
25:26 Castle Age
24:08 Horse Collar
26:50 Wheelbarrow
26:16 Town Patrol
32:02 Hand Cart
34:24 Bow Saw
35:22 Heavy Plow
39:40 Forging
44:13 Imperial Age
41:57 Husbandry
43:22 Elite Skirmisher
44:06 Crossbowman
45:53 Conscription
45:53 Conscription
45:49 Light Cavalry
49:26 Gold Shaft Mining
50:50 Fervor
51:28 Theocracy
50:52 Heavy Hei Guang Cavalry
52:39 Bloodlines
53:41 Parthian Tactics
54:50 Block Printing
54:02 Pikeman
55:26 Squires
55:11 Arson
56:44 Iron Casting
57:06 Scale Mail Armor
57:07 Padded Archer Armor
57:29 Thumb Ring
57:25 Treadmill Crane
58:44 Illumination
59:09 Stone Shaft Mining
58:48 Arson
59:44 Fletching
61:49 Tuntian
62:15 Scale Barding Armor
66:11 Masonry
67:05 Chemistry
66:27 Ballistics
68:05 Chain Mail Armor
68:09 Halberdier
70:31 Man-at-Arms
72:12 Long Swordsman
74:23 Caravan
76:13 Murder Holes
76:28 Fortified Wall
77:27 Two-Handed Swordsman
78:12 Capped Ram
81:46 Hoardings
82:09 Leather Archer Armor
81:49 Bodkin Arrow
81:48 Siege Ram
84:27 Devotion
84:47 Sanctity
86:09 Coinage
88:45 Banking
89:36 Masonry
89:16 Guard Tower
90:50 Onager
101:24 Hussar
Connection lost

Rejoining the realm…

Still unreachable

The connection could not be restored.

Session expired

The server has moved on; the page needs a fresh start.